Unix NetHack Version 5.0.0-0 post-release - last build Jun 10 2026 00:39:30 (3ee93aec679c4c4259841fe613dc97188e26a321,branch:main).

Game began 2026-06-15 19:17:29, ended 2026-06-16 18:02:57.

Ch3Begorrah, chaotic female human Rogue

                                                                --------
                                                                 ......|
                                                                   ..S.|
                                                                    -Z-
                                                                     @#
                                                                      #
                                                                      #
                                                                      #
                                                                      #
                                                                     -|-----
                                                                     |.....|
                                                              ######%-.....|
                                                              #      |.....|
                                                              #      |..<.
                                                              #      -----
                                                              #
                                             ##################

Ch3Begorrah the Pilferer  St:17 Dx:17 Co:17 In:10 Wi:15 Ch:12  Chaotic
Dlvl:18 $:769 HP:0(82) Pw:60(60) AC:-2 Xp:11 T:23095  Fainted  Deaf

Latest messages:
 The snake bites!
 The human zombie hits!
 The snake bites!
 The snake bites!
 The snake misses!
 The human zombie hits!
 The snake bites!
 The human zombie hits!
 The snake bites!
 You regain consciousness.
 You hit the human zombie!
 The snake bites!
 The snake misses!
 You can hear again.
 You faint from lack of food.
 The snake bites!
 The human zombie misses!
 The snake bites!
 The snake's bite was poisoned!
 The poison doesn't seem to affect you.
 The snake bites!
 The snake misses!
 The human zombie hits!
 The snake bites!
 The human zombie hits!
 The snake bites!
 The snake misses!
 The human zombie hits!
 The snake misses!
 The human zombie hits!
 The snake bites!
 The snake bites!
 The snake bites!
 The snake misses!
 The snake bites!
 The snake misses!
 The snake bites!
 The snake misses!
 The snake bites!
 The snake bites!
 The human zombie misses!
 The snake bites!
 You regain consciousness.
 You faint from lack of food.
 The human zombie misses!
 You dream that you see the snake slither under a dagger.
 The human zombie hits!
 The human zombie hits!
 You die...
 Do you want your possessions identified? [ynq] (y) q

Inventory:
 Coins    ('$')
  $ - 769 gold pieces
 Amulets  ('"')
  t - an uncursed amulet of reflection (being worn)
 Weapons  (')')
  E - a poisoned +0 orcish arrow
  b - 9 +0 daggers (at the ready)
  B - a rusty +1 katana (alternate weapon; not wielded)
  L - a +0 silver saber (weapon in right hand)
 Armor    ('[')
  n - an uncursed very rusty +0 helm of telepathy (being worn)
  H - an uncursed +0 pair of leather gloves (being worn)
  T - a blessed +1 pair of high boots (being worn)
  l - a blessed very burnt +0 shield of drain resistance
  C - an uncursed +2 cloak of magic resistance (being worn)
  G - an uncursed +0 elven mithril-coat (being worn)
 Comestibles  ('%')
  Z - 2 uncursed lizard corpses
 Potions  ('!')
  y - an uncursed potion of booze
  P - 2 uncursed potions of extra healing
  g - 3 uncursed potions of healing
  a - a blessed potion of invisibility
 Rings    ('=')
  I - an uncursed ring of fire resistance named ok
  W - a blessed +1 ring of gain strength
  N - an uncursed ring of invisibility
  z - an uncursed ring of levitation
  K - an uncursed +1 ring of protection
  i - an uncursed ring of see invisible named ok
  Y - an uncursed ring of shock resistance named ok
  x - a cursed ring of shock resistance
  J - an uncursed ring of stealth named ok
  p - an uncursed ring of sustain ability named ok
  X - an uncursed ring of teleport control named ok
  m - an uncursed ring of teleportation
 Wands    ('/')
  u - a wand of cold (0:0)
  O - a wand of create monster (0:5)
  o - a wand of death (0:1)
  f - a wand of digging (0:6)
  j - a cursed wand of light (0:6)
  k - a wand of opening (0:5)
  v - a wand of speed monster named empty (0:0)
  S - a cursed wand of speed monster (0:7)
  r - a wand of striking (0:2)
  F - a wand of striking named empty (0:0)
  c - a wand of teleportation (0:0)
 Tools    ('(')
  e - an uncursed lock pick named B-G-D_
  w - a magic marker (0:21)
  d - an uncursed oil lamp named emptyt
  U - a +0 unicorn horn
 Gems/Stones  ('*')
  M - 2 uncursed diamonds
  h - 4 uncursed jasper stones
  Q - an uncursed obsidian stone
  D - 2 uncursed rubies
  A - an uncursed worthless piece of black glass
  R - 2 uncursed worthless pieces of green glass
  V - 7 uncursed worthless pieces of white glass
  s - 2 uncursed worthless pieces of yellowish brown glass
  q - an uncursed luckstone

Ch3Begorrah the Rogue's attributes:

Background:
 You were a Pilferer, a level 11 female human Rogue.
 You were chaotic, nominally on a mission for Kos
 who was opposed by Issek (lawful) and Mog (neutral).
 You started out male.
 You were right-handed.
 You were in the Dungeons of Doom, on level 18.
 You entered the dungeon 23095 turns ago.
 There was a new moon in effect when your adventure ended.
 You had 15595 experience points, 4405 more were needed to attain level 12.

Basics:
 You had 0 out of 82 hit points.
 You had all 60 energy points (spell power).
 Your armor class was -2.
 Your wallet contained 769 zorkmids.
 Autopickup was on for '$!/(', with exceptions.

Final Characteristics:
 Your strength was 17 (base:18, limit:18/100).
 Your dexterity was 17 (limit:18).
 Your constitution was 17 (limit:18).
 Your intelligence was 10 (limit:18).
 Your wisdom was 15 (limit:18).
 Your charisma was 12 (limit:18).

Final Status:
 You were deaf.
 You were fainted due to starvation.
 You were unencumbered.
 You were wielding a saber.
 You were skilled in saber.

Final Attributes:
 You were piously aligned.
 You were magic-protected.
 You were poison resistant.
 You were telepathic.
 You had automatic searching.
 You were invisible.
 You were stealthy.
 You were guarded.
 You were fast.
 You had reflection.
 You were lucky.
 You had extra luck.
 Bad luck did not time out for you.
 Good luck did not time out for you.
 You are dead.

Miscellaneous:
 You encountered 1 bones level.
 Total elapsed playing time was 6 hours, 14 minutes and 11 seconds.

Major events:
 Turn
    1: Ch3Begorrah the chaotic male human Rogue entered the dungeon
  664: entered the Gnomish Mines
  891: attained the rank of Cutpurse (level 3)
 2384: attained the rank of Rogue (level 6)
 3404: entered Sokoban
 7603: entered Home 1, the Quest
 9515: completed 1st Sokoban level
10724: reached Mine Town
11189: stole 7 zorkmids worth of merchandise from Senna Hut's hardware store
12756: attained the rank of Pilferer (level 10)
13484: acquired the Mines' End luckstone
18257: completed 2nd Sokoban level
18692: completed 3rd Sokoban level
19722: completed 4th Sokoban level
19915: acquired the Sokoban amulet of reflection
23095: killed by a human zombie, while fainted from lack of food

You didn't know any spells.

Skills:
 Fighting Skills
   bare handed combat [Unskilled]
   two weapon combat  [Skilled]
   riding             [Unskilled]
 Weapon Skills
   dagger             [Skilled]
   knife              [Unskilled]
   short sword        [Basic]
   broadsword         [Unskilled]
   long sword         [Basic]
   two-handed sword   [Unskilled]
   saber              [Skilled]
   club               [Unskilled]
   mace               [Unskilled]
   morning star       [Unskilled]
   flail              [Unskilled]
   hammer             [Unskilled]
   polearms           [Unskilled]
   spear              [Unskilled]
   crossbow           [Unskilled]
   dart               [Unskilled]
   shuriken           [Unskilled]
 Spellcasting Skills
   divination spells  [Unskilled]
   escape spells      [Unskilled]
   matter spells      [Unskilled]

Voluntary challenges:
 Character rerolling was not enabled.
 You were vegetarian.
 You were an atheist.
 You never genocided any monsters.
 You never polymorphed an object.
 You never changed form.
 You used no wishes.
 You did not violate any of the special Sokoban rules.
Achievements:
 You entered a shop.
 You entered the Gnomish Mines.
 You attained the rank of Cutpurse.
 You attained the rank of Rogue.
 You entered Sokoban.
 You entered a temple.
 You entered Minetown.
 You attained the rank of Pilferer.
 You completed the Gnomish Mines.
 You completed Sokoban.

 The Dungeons of Doom: levels 1 to 18
    Level 1:
       An altar to Kos, a fountain.
    Level 2:
       A general store.
    Level 3:
       A general store, a fountain.
       Stairs down to The Gnomish Mines.
    Level 4:
       Some fountains, a sink.
    Level 5: "two water daemon"
       Many fountains.
       Oracle of Delphi.
    Level 6:
       Stairs up to Sokoban, level 5.
    Level 7:
       A ring shop.
    Level 8:
       Some graves.
    Level 9:
       A sink.
    Level 10:
       A weapon shop.
    Level 11:
       A temple and an altar to Kos.
    Level 12:
       Summoned by the Master of Thieves.
       Portal to The Quest.
    Level 13:
       A fountain.
    Level 14:
    Level 15:
       A primitive area.
    Level 16:
       A sink.
    Level 17:
       A potion shop, a fountain.
    Level 18: <- You were here.
       Final resting place for
          you, killed by a human zombie, while fainted from lack of food.
 The Gnomish Mines: levels 4 to 11
    Level 4: "2sb"
       A grave.
       Final resting place for
          mwm11235-Wiz-Hum-Mal-Neu, killed by a gnome.
    Level 5:
    Level 6:
       Many shops, a temple and an altar to Kos, some fountains.
    Level 7:
    Level 8:
    Level 9:
    Level 10:
    Level 11: "ange + mpttled SB"
 The Quest:
    Level 1:
       Home.
 Sokoban: levels 5 up to 2
    Level 2:
       Solved.
    Level 3:
       Solved.
    Level 4:
       Solved.
    Level 5:
       Solved.


Vanquished creatures:
  a baby gold dragon
  2 ghosts
  3 giant mimics
  a long worm
  a fire giant
  a flesh golem
  a wumpus
  a couatl
  3 stalkers
  3 air elementals
  3 water demons
 11 wargs
  2 winter wolves
  8 small mimics
  a glass piercer
  a warhorse
  2 xans
 an ogre leader
  2 quantum mechanics
  2 trolls
  a sasquatch
  a wood golem
  a pyrolisk
  2 freezing spheres
  2 flaming spheres
  a shocking sphere
  2 tigers
  2 gargoyles
  2 dwarf rulers
  a tengu
  a leocrotta
  2 mountain centaurs
  3 elf mummies
  a pit viper
  2 wraiths
  a carnivorous ape
 an ettin zombie
  a leather golem
  a soldier
  2 amorous demons
  3 chameleons
  a giant beetle
  3 quivering blobs
  7 cockatrices
  7 wolves
  4 winter wolf cubs
  a panther
  2 leprechauns
  2 orc-captains
  6 iron piercers
  a mumak
  3 giant spiders
  a scorpion
  2 ice vortices
  4 vampire bats
  a gnome ruler
 an orc mummy
  a dwarf mummy
  5 rust monsters
  7 owlbears
  a yeti
  a Green-elf
 10 lizards
  3 chickatrices
  a housecat
  5 jaguars
  a dwarf leader
  2 blue jellies
  a gray unicorn
  4 dust vortices
  a plains centaur
  a gnome mummy
  a snake
  5 apes
  a human zombie
  a rope golem
  a Woodland-elf
  5 soldier ants
  a fire ant
  a quasit
  4 wood nymphs
  2 water nymphs
  5 mountain nymphs
 14 Uruk-hai
  7 rock piercers
  6 rock moles
  4 ponies
  a fog cloud
  2 yellow lights
  a shrieker
  4 violet fungi
 20 gnome leaders
  6 gnomish wizards
  3 kobold mummies
  2 gray oozes
  4 elf zombies
  a ghoul
  a straw golem
  5 giant ants
  2 little dogs
  6 floating eyes
  3 kittens
 22 dwarves
  3 homunculi
  a kobold leader
  3 hill orcs
 12 rothes
  a rabid rat
  3 centipedes
  4 giant bats
  a monkey
  7 orc zombies
  a dwarf zombie
  a wererat
  a werejackal
  7 iguanas
 22 killer bees
  5 acid blobs
  a coyote
  a gas spore
  6 hobbits
  3 manes
  2 large kobolds
  6 hobgoblins
 10 giant rats
  5 cave spiders
  2 brown molds
  2 yellow molds
  a green mold
  4 red molds
 67 gnomes
  2 Keystone Kops
 22 garter snakes
  2 gnome zombies
 11 geckos
 11 jackals
  2 kobolds
  6 goblins
  3 sewer rats
 14 grid bugs
  3 bats
  8 lichens
  2 kobold zombies
 10 newts
592 creatures vanquished.

No species were genocided or became extinct.

Game over:
                       ----------
                      /          \
                     /    REST    \
                    /      IN      \
                   /     PEACE      \
                  /                  \
                  |   Ch3Begorrah    |
                  |      769 Au      |
                  |   killed by a    |
                  |   human zombie   |
                  |                  |
                  |                  |
                  |       2026       |
                 *|     *  *  *      | *
        _________)/\\_//(\/(/\)/\//\/|_)_______

Goodbye Ch3Begorrah the Rogue...

You died in The Dungeons of Doom on dungeon level 18 with 63721 points,
and 769 pieces of gold, after 23095 moves.
You were level 11 with a maximum of 82 hit points when you died.

